 Dungeon Crawl Stone Soup version 0.30-a0-377-g5cb311bc9f (webtiles) character file.

Game seed: 11164083223477084919

14 flotson the Sneak (level 2, -1/24 HPs)
             Began as a Demonspawn Delver on Dec 1, 2022.
             Slain by Sigmund
             ... wielding a +0 scythe
              (7 damage)
             ... on level 3 of the Dungeon.
             The game lasted 00:02:00 (315 turns).

flotson the Sneak (Demonspawn Delver)                Turns: 315, Time: 00:02:01

Health: -1/24      AC:  4    Str: 12    XL:     2   Next: 31%
Magic:  2/2        EV: 12    Int: 11    God:
Gold:   37         SH:  0    Dex: 14    Spells: 1/1 levels left

rFire   . . .      SeeInvis .    a - +0 spear
rCold   . . .      Faith    .    h - orb {guile}
rNeg    . . .      Spirit   .    b - +0 leather armour
rPois   .          Reflect  .    (no helmet)
rElec   .          Harm     .    (no cloak)
rCorr   .          Rampage  .    (no gloves)
Will    .....                    (no boots)
Stlth   +++.......               (no amulet)
HPRegen 0.24/turn                (no ring)
MPRegen 0.08/turn                (no ring)

@: flying
A: sharp scales 1
a: no special abilities


You were on level 3 of the Dungeon.
You visited 1 branch of the dungeon, and saw 3 of its levels.

You collected 37 gold pieces.

Inventory:

Hand Weapons
 a - a +0 spear (weapon)
Missiles
 k - a throwing net (quivered)
Armour
 b - a +0 leather armour (worn)
 h - an orb of guile (worn)
Wands
 g - a wand of digging (3)
Scrolls
 c - a scroll of fog
 d - a scroll of magic mapping
 e - a scroll of fear
 j - a scroll of teleportation {unknown}
Potions
 f - a potion of haste


   Skills:
 + Level 3.1 Fighting
 - Level 1.7 Polearms
 + Level 0.5 Armour
 + Level 2.0 Dodging
 + Level 4.6 Stealth
 + Level 0.6 Evocations


You had one spell level left.
You didn't know any spells.
Your spell library was empty.

Dungeon Overview and Level Annotations

Branches:
Dungeon (5/15)
 Temple: D:4-7

Altars:

Annotations:
D:3 Ijyb, Sigmund


Innate Abilities, Weirdness & Mutations

You are partially covered in razor-sharp scales. (AC +1, Slay +1)


Message History

You see here a rat corpse.
The adder bites you. The adder closely misses you.
The adder bites you but does no damage. The adder misses you.
The adder attacks as you move away! The adder bites you.
You hit the adder.
The adder is moderately wounded.
The adder closely misses you.
You hit the adder.
The adder is heavily wounded.
The adder bites you but does no damage. The adder misses you.
You hit the adder.
You kill the adder!
Your Dodging skill increases to level 2!
You have reached level 2!
Your demonic ancestry asserts itself...
Sharp scales grow over part of your body.
Found a stone staircase leading up.
Sigmund gestures at you while chanting.
You are confused.
You bump into the rock wall.
You're too confused to move!
Sigmund points at you and mumbles some strange words.
You are more confused.
Sigmund gestures at you while chanting. The puff of flame hits you!
You bump into the rock wall.
Sigmund casts a spell at you. The puff of flame hits you.
* * * LOW HITPOINT WARNING * * *
You are too confused!
It was a potion of flight.
You feel very buoyant.
You fly up into the air.
Sigmund closely misses you.
You closely miss Sigmund. Sigmund hits you but does no damage.
You bump into the rock wall.
Sigmund attacks as you move away! Sigmund closely misses you.
You feel less confused.
Sigmund hits you from afar with a +0 scythe!
You die...

,,,,,,,,*,,** ,,,,,,,,**,,*
,,,,,,,,***,*#####
**,,**,,,**,##.<.#
*,,**,*,,*,,....#
**,,,*,**.####...#
*,,,,,,,,......[.#
,,,,,,,,,........#
,,,,,,,,,,,,,#..@##
,,,,,,,,,,,,,#....#########
,,,,,,,,,,,,,#..@.#.......#
,,,,,,,,,,...#............#
,,,,,,,,,..(..............#
,,,,,,,,,...######........#
*,,,,,,,,..** ###.........#
******,,*#**###.†.........#
,,,,**,,*####...###.......#


You could see Sigmund.

Vanquished Creatures
  An adder (D:3)
  An orc (D:4)
  A bat (D:3)
  A quokka (D:5)
  A rat (D:3)
5 creatures vanquished.

Notes
Turn   | Place    | Note
-------+----------+-------------------------------------------
     0 | D:5      | flotson the Demonspawn Delver began the quest for the Orb.
     0 | D:5      | Reached XP level 1. HP: 18/18 MP: 1/1
   195 | D:3      | Noticed Ijyb
   195 | D:3      | Noticed a scorpion
   288 | D:3      | Noticed Sigmund
   303 | D:3      | Gained mutation: You are partially covered in razor-sharp
                  | scales. (AC +1, Slay +1) [demonic ancestry]
   303 | D:3      | Reached XP level 2. HP: 18/24 MP: 2/2
   315 | D:3      | Slain by Sigmund

Illustrated notes

Levels and vault maps discovered:
D:3:      layout_rooms, uniq_sigmund, uniq_ijyb
D:4:      layout_loops_ring, okawaru_metal_pillars_3, minmay_temple_entry_grid,
          serial_shops, shop, uniq_blork_the_orc
D:5:      layout_rooms

Skill      XL: |  1 |
---------------+----+-----
Dodging        | 2 |  2.0
Fighting       | |  3.1
Polearms       | |  1.7
Armour         | |  0.5
Stealth        | |  4.6
Evocations     | |  0.6

Action                   || total
-------------------------++-------
Melee: Spear             ||    36
  Use: Scroll            ||     1
       Potion            ||     1
 Stab: Sleeping          ||     2
Armor: Leather armour    ||    10
Dodge: Dodged            ||    18

Table legend: (Time is in decaauts)
 A = Elapsed time spent in this place.
 B = Non-inter-level travel time spent in this place.
 C = Inter-level travel time spent in this place.
 D = Time resting spent in this place.
 E = Time spent auto-exploring this place.
 F = Levels seen in this place.
 G = Mean time per level.
                   A        B        C        D        E       F      G
               +--------+--------+--------+--------+--------+-----+--------+
         Total |    315 |    297 |     18 |      0 |    161 |   3 |  105.0 |
       Dungeon |    315 |    297 |     18 |      0 |    161 |   3 |  105.0 |
               +--------+--------+--------+--------+--------+-----+--------+

Top non-repeatable levels by time:
     D:4: 126 daAuts
     D:3: 108 daAuts
     D:5: 80 daAuts
